 Dungeon Crawl Stone Soup version 0.21.1-1-g345015f (webtiles) character file.

296053 wojtek the Executioner (level 20, -9/183 HPs)
             Began as a Minotaur Fighter on July 28, 2018.
             Was the Champion of Makhleb.
             Mangled by Sojobo
             ... wielding a +2 great sword of electrocution
              (17 damage)
             ... on level 2 of the Vaults.
             The game lasted 01:39:51 (40542 turns).

wojtek the Executioner (Minotaur Fighter)          Turns: 40542, Time: 01:39:52

Health: -9/183     AC: 30    Str: 33    XL:     20   Next: 7%
Magic:  0/28       EV: 17    Int:  5    God:    Makhleb [******]
Gold:   3165       SH:  0    Dex: 14    Spells: 19/19 levels left

rFire    . . .     SeeInvis +   a - +1 battleaxe (vamp)
rCold    + . .     Gourm    .   (shield currently unavailable)
rNeg     + + +     Faith    .   V - +7 plate armour of the Crown {rN++ MR+ Str+4 Dex+3}
rPois    +         Spirit   +   o - +2 hat
rElec    .         Reflect  .   c - +2 cloak {rPois}
rCorr    .         Harm     .   g - +1 pair of gloves
MR       ++...                  n - +0 pair of boots
Stlth    ..........             k - amulet "Leaneduk" {Spirit rPois rN+}
HPRegen  0.40/turn              t - ring of Laan {+Fly SInv}
MPRegen  0.21/turn              r - ring of protection from cold

@: lethally poisoned (-9 -> -13), corroded, flying (expiring)
A: retaliatory headbutt, horns 2
}: 2/15 runes: serpentine, barnacled
a: Minor Destruction, Lesser Servant of Makhleb, Major Destruction, Greater
Servant of Makhleb, Renounce Religion


You were on level 2 of the Vaults.
You worshipped Makhleb.
Makhleb was exalted by your worship.
You were not hungry.

You visited 8 branches of the dungeon, and saw 35 of its levels.
You visited the Abyss 1 time.
You also visited: Labyrinth, Trove, Ossuary and Ice Cave.

You collected 3642 gold pieces.
You spent 477 gold pieces at shops.

Inventory:

Hand Weapons
 a - a +1 vampiric battleaxe (weapon)
 b - a +3 broad axe
Missiles
 q - 10 throwing nets (quivered)
Armour
 c - a +2 cloak of poison resistance (worn)
 g - a +1 pair of gloves (worn)
 n - a +0 pair of boots (worn)
 o - a +2 hat (worn)
 L - a +1 shield of cold resistance
 V - the +7 plate armour of the Crown (worn) {rN++ MR+ Str+4 Dex+3}
   (You found it on level 4 of the Lair of Beasts)

   It affects your strength (+4).
   It affects your dexterity (+3).
   It greatly protects you from negative energy.
   It affects your resistance to hostile enchantments.
Jewellery
 k - the amulet "Leaneduk" (around neck) {Spirit rPois rN+}
   (You found it in a labyrinth)

   [amulet of guardian spirit]

   It causes incoming damage to be split between your health and magic.
   It protects you from poison.
   It protects you from negative energy.
 r - a ring of protection from cold (right hand)
 t - the ring of Laan (left hand) {+Fly SInv}
   (You found it in a labyrinth)

   [ring of see invisible]

   It lets you see invisible.
   It lets you fly.
 H - an uncursed ring of ice
 M - an uncursed ring of fire
 R - an uncursed ring of protection from magic
Wands
 u - a wand of enslavement (14)
 y - a wand of disintegration (24)
 G - a wand of digging (35)
 I - a wand of flame (36)
 T - a wand of scattershot (18)
 W - a wand of acid (13)
Scrolls
 i - 3 scrolls of fear
 l - 2 scrolls of summoning
 m - 12 scrolls of remove curse
 p - 17 scrolls of teleportation
 s - a scroll of identify
 v - a scroll of silence
 x - 2 scrolls of immolation
 C - 2 scrolls of enchant weapon
 E - 5 scrolls of holy word
 S - 4 scrolls of magic mapping
 U - 10 scrolls of fog
 X - 3 scrolls of blinking
Potions
 d - 4 potions of might
 e - 5 potions of lignification
 h - a potion of heal wounds
 j - 10 potions of agility {unknown}
 z - 13 potions of haste
 A - 2 potions of invisibility
 B - 5 potions of curing
 J - a potion of brilliance
 K - 3 potions of ambrosia {unknown}
 N - 4 potions of magic {unknown}
 O - a potion of resistance
 Q - 6 potions of flight
 Y - a potion of berserk rage {unknown}
Miscellaneous
 w - a lamp of fire
 D - a phial of floods
 F - a lightning rod (4/4)
Comestibles
 f - 56 rations


   Skills:
 + Level 16.8 Fighting
 * Level 22.2 Axes
 + Level 16.9 Armour
 + Level 15.2 Dodging
 - Level 11.5 Shields
 - Level 10.0 Invocations
 + Level 12.9 Evocations


You had 19 spell levels left.
You didn't know any spells.

Dungeon Overview and Level Annotations

Branches:
Dungeon (15/15)            Temple (1/1) D:5            Lair (6/6) D:9
 Shoals (4/4) Lair:2        Snake (4/4) Lair:3        Slime (0/5) Lair:6
    Orc (2/2) D:9             Elf (0/3) Orc:2        Vaults (2/5) D:13
 Depths (1/5) D:15
  Crypt: Vaults:2-3

Altars:
Ashenzari
Cheibriados
Dithmenos
Elyvilon
Fedhas
Gozag
Hepliaklqana
Kikubaaqudgha
Makhleb
Nemelex Xobeh
Okawaru
Qazlal
Ru
Sif Muna
Trog
Uskayaw
Vehumet
Wu Jian
Xom
Yredelemnul
Zin
The Shining One

Shops:
D:7 (   D:10 ***}   D:13 (   Orc:2 **!(   Snake:1 !   Snake:2 =*}=   Vaults:2 ?

Portals:
Hell: Depths:1

Annotations:
D:4 2 transporters
D:13 exclusion: downstairs
Vaults:2 Sojobo


Innate Abilities, Weirdness & Mutations

You reflexively headbutt those who attack you in melee.
You have a pair of horns on your head.


Message History

As you read the scroll of immolation, it crumbles to dust.
The creatures around you are filled with an inner flame!
You are engulfed in raging winds.
You feel sick.
* * * LOW HITPOINT WARNING * * *
The winds around the air elemental start to calm down.
* * * LOW HITPOINT WARNING * * *
The air elemental hits you.
* * * LOW HITPOINT WARNING * * *
The air elemental hits you but does no damage.
The air elemental closely misses you. You furiously retaliate!
You headbutt the air elemental, but do no damage.
The air elemental hits you but does no damage.
The tengu reaver hits you but does no damage.
The tengu reaver pecks you but does no damage.
The tengu reaver claws you but does no damage.
The air elemental hits you.
* * * LOW HITPOINT WARNING * * *
Sojobo barks, "Your form is terrible!"
Sojobo hits you but does no damage.
You are electrocuted!
You die...

#........# #<.'..
#........# #..#..
###'#+###########'###
#............##..#
#............##..#
#§§§*§§...∩..##'##
#§§4§§§......'...+
#Q§§§§§......#...#
#§@E§§§......#####
#Q4E§§§§.....#
########'##### +...#
#####


You could see Sojobo (inner flame), a tengu reaver (inner flame), 2 air
elementals, a battlesphere, a friendly orange demon and a friendly hellwing.

Vanquished Creatures
  Vashnia (Snake:4)
  Nikola (Shoals:4)
  Rupert (D:14)
  A lich (Vaults:1)
  An Ice Fiend (IceCv)
  A storm dragon (Vaults:1)
  Ilsuiw (Shoals:4)
  10 nagarajas
  A frost giant (Shoals:4)
  4 vault wardens (Vaults:1)
  A fire giant (Depths:1)
  2 orc warlords
  3 stone giants
  4 ironheart preservers (Vaults:1)
  2 dire elephants (Lair:6)
  The ghost of poirepourri the Blocker, a journeyman DDFi of Makhleb (Shoals:3)
  3 ettins
  7 merfolk javelineers
  4 fire dragons
  9 merfolk impalers
  2 yaktaur captains
  The ghost of Jaiteiro the Cleaver, a journeyman MiFi of Okawaru (Orc:2)
  5 rakshasas
  A great orb of eyes (Depths:1)
  An ice dragon (Depths:1)
  3 vault guards (Vaults:1)
  16 naga warriors
  Harold (D:12)
  3 alligator snapping turtles
  3 death knights
  5 hydras
  7 anacondas
  5 catoblepae
  3 merfolk avatars
  The ghost of SeriousVitamin the Cleaver, a novice HOFi of Makhleb (D:8)
  8 centaur warriors
  8 tengu warriors
  8 ogre magi
  3 deep troll earth magi
  8 merfolk aquamancers
  3 death yaks (Lair:6)
  A satyr (Shoals:4)
  2 deep troll shamans (Depths:1)
  25 two-headed ogres
  5 shock serpents
  A deep elf knight (Vaults:1)
  9 naga sharpshooters
  A storm dragon zombie (Vaults:1)
  3 salamander mystics
  8 deep trolls
  2 iron trolls (Depths:1)
  13 sea snakes
  3 naga ritualists
  3 unseen horrors
  A swamp dragon (Lair:6)
  7 wizards
  A harpy (shapeshifter) (Vaults:1)
  Pikel (D:7)
  6 ironbrand convokers (Vaults:1)
  4 deep elf archers (Vaults:1)
  A phantasmal warrior (D:14)
  A lindwurm (Lair:6)
  6 orc knights
  3 deep elf magi
  17 harpies
  2 necromancers (Vaults:1)
  22 ugly things
  5 fauns
  9 mana vipers
  2 oklob plants (Lair:6)
  10 salamanders
  9 manticores
  2 orc sorcerers (Orc:1)
  6 cyclopes
  A stone giant zombie (Vaults:1)
  5 guardian serpents
  30 black mambas
  12 elephants
  9 merfolk sirens
  2 fire giant skeletons (Vaults:1)
  3 vault sentinels (Vaults:1)
  23 naga magi
  Joseph (D:7)
  3 ice statues
  A gargoyle (D:14)
  10 spiny frogs
  6 water nymphs
  6 komodo dragons
  An efreet (D:13)
  2 rime drakes (Lair:6)
  4 freezing wraiths
  6 yaktaurs
  14 ice devils (IceCv)
  14 trolls
  3 tengu conjurers
  A queen bee (Lair:1)
  6 meliai
  23 merfolk
  A wind drake (shapeshifter) (D:15)
  A hornet (Vaults:1)
  4 wind drakes
  A polar bear (Lair:4)
  6 hippogriffs
  5 snapping turtles
  25 slime creatures
  12 blink frogs
  2 dream sheep (Lair:6)
  2 wyverns
  19 water elementals
  6 wraiths
  59 yaks
  A steam dragon (shapeshifter) (D:15)
  12 vampire mosquitoes
  6 basilisks
  A steam dragon (Lair:6)
  A hungry ghost (D:15)
  2 wargs (Orc:2)
  48 nagas
  10 swamp worms (Lair:4)
  16 water moccasins
  An acid dragon (D:14)
  5 swamp drakes (Lair:6)
  5 porcupines
  18 orc warriors
  2 slaves (D:7)
  A hornet zombie (D:15)
  An ice beast (D:6)
  2 eyes of draining (D:15)
  2 human zombies (Vaults:1)
  2 phantoms
  2 sky beasts
  35 ogres
  The ghost of Labyrinth the Firebug, an amateur DrFE (D:3)
  34 centaurs
  6 wolves
  10 crocodiles
  A big kobold (D:10)
  20 bullfrogs
  6 water moccasin zombies (Ossuary)
  4 scorpions
  25 killer bees
  4 wights (D:8)
  6 howler monkeys
  5 electric eels (D:12)
  9 crimson imps
  6 centaur zombies
  4 hounds
  A bullfrog zombie (D:12)
  Crazy Yiuf (D:2)
  A gnoll shaman (Orc:1)
  13 jellies
  2 quasits
  9 orc priests
  An iron imp (Depths:1)
  7 centaur skeletons
  6 iguanas
  16 orc wizards
  8 worker ants
  3 big kobold zombies (Ossuary)
  2 mummies (Ossuary)
  A howler monkey zombie (D:8)
  A howler monkey skeleton (D:9)
  8 gnolls
  15 adders
  2 shadow imps
  4 white imps (IceCv)
  8 ufetubi (IceCv)
  6 oozes
  4 adder zombies (Ossuary)
  2 adder skeletons
  10 worms
  A dart slug (D:2)
  4 leopard geckos
  75 orcs
  4 bats
  6 giant cockroaches
  3 gnoll zombies (Ossuary)
  6 goblins
  3 hobgoblins
  13 jackals
  8 quokkas
  3 ball pythons
  4 frilled lizards
  5 hobgoblin zombies (Ossuary)
  18 kobolds
  5 kobold zombies (Ossuary)
  A leopard gecko zombie (D:7)
  2 orc zombies (Ossuary)
  A quokka zombie (D:5)
  7 rats
  A bush (Shoals:3)
  2 fungi (Lair:4)
  2 plants
1292 creatures vanquished.

Vanquished Creatures (collateral kills)
  Mara (Depths:1)
  An Ice Fiend (IceCv)
  The ghost of tev the Slayer, an adept MiMo of Wu Jian (Snake:4)
  Gastronok (Lair:3)
  The ghost of sefi the Tortoise, an adept MiFi of Makhleb (Lair:5)
  A frost giant (Shoals:4)
  Aizul (Snake:2)
  The ghost of Pad the Impaler, a journeyman MfGl of Okawaru (Shoals:1)
  A minotaur (Lab)
  A merfolk impaler (Shoals:2)
  2 hydras
  A death knight (D:11)
  An alligator snapping turtle (Shoals:1)
  Urug (Lair:3)
  A naga sharpshooter (Snake:4)
  A shock serpent (Snake:1)
  A phantasmal warrior (D:11)
  2 harpies (Shoals:3)
  3 fauns (Shoals:1)
  2 manticores
  A water nymph (Shoals:3)
  A torpor snail (Lair:3)
  A rime drake (Lair:6)
  A blink frog (Lair:3)
  2 merfolk
  A snapping turtle (Shoals:4)
  A vampire (D:8)
  2 water elementals
  A wraith (D:11)
  Grum (Lair:1)
  3 nagas
  2 wargs
  2 centaurs (D:12)
  3 wolves (Lair:1)
  3 killer bees (D:8)
  3 jellies (D:7)
  4 oozes (D:7)
  3 orcs (Orc:1)
  A fungus (Lair:3)
61 creatures vanquished.

Vanquished Creatures (others)
  A tengu reaver (Vaults:2)
  2 merfolk javelineers (Shoals:4)
  A naga warrior (Snake:3)
  A merfolk impaler (Shoals:4)
  3 merfolk sirens (Shoals:4)
  A water nymph (Shoals:4)
  A merfolk (Shoals:4)
  A naga (Snake:4)
  2 slaves (D:7)
  A centaur (D:10)
  A crimson imp (D:7)
  5 ufetubi (IceCv)
  An orc (D:7)
  2 jackals (D:7)
  17 fungi
  28 plants
68 creatures vanquished.

Grand Total: 1421 creatures vanquished

Notes
Turn   | Place    | Note
-------+----------+-------------------------------------------
     0 | D:1      | wojtek the Minotaur Fighter began the quest for the Orb.
     0 | D:1      | Reached XP level 1. HP: 19/19 MP: 0/0
    33 | D:1      | Reached skill level 3 in Axes
   103 | D:1      | Reached XP level 2. HP: 25/26 MP: 1/1
   316 | D:1      | Reached skill level 4 in Axes
   488 | D:2      | Reached XP level 3. HP: 31/31 MP: 2/2
   786 | D:2      | Reached skill level 5 in Axes
  1070 | D:2      | Found a runed door.
  1074 | D:2      | Noticed Crazy Yiuf
  1081 | D:2      | Killed Crazy Yiuf
  1081 | D:2      | Reached XP level 4. HP: 24/39 MP: 3/3
  1240 | D:3      | Reached skill level 6 in Axes
  1329 | D:3      | Reached XP level 5. HP: 34/45 MP: 4/4
  1425 | D:3      | Found an ancient bone altar of Kikubaaqudgha.
  1599 | D:3      | Noticed Labyrinth's ghost (amateur DrFE)
  1609 | D:3      | Killed Labyrinth's ghost
  1609 | D:3      | Reached skill level 1 in Dodging
  1997 | D:4      | Reached XP level 6. HP: 52/52 MP: 5/5
  2005 | D:4      | Reached skill level 7 in Axes
  2107 | D:4      | Found a shimmering altar of Xom.
  2107 | D:4      | Found a basalt altar of Yredelemnul.
  2107 | D:4      | Found a sacrificial altar of Ru.
  2109 | D:4      | Noticed an ice beast
  2109 | D:4      | Noticed a troll
  2112 | D:4      | Found a transporter.
  2132 | D:4      | Found an opulent altar of Gozag.
  2280 | D:4      | Got an ichor-stained leather armour
  2344 | D:4      | Identified the +3 leather armour of Midwinter {Int+4} (You found it on level 4 of the Dungeon)
  2547 | D:4      | Found a transporter.
  2801 | D:5      | Entered Level 5 of the Dungeon
  2801 | D:5      | Noticed a two-headed ogre
  2807 | D:5      | Reached XP level 7. HP: 55/60 MP: 6/6
  2811 | D:5      | Killed a two-headed ogre
  2811 | D:5      | Reached skill level 5 in Fighting
  2811 | D:5      | Reached skill level 8 in Axes
  2811 | D:5      | Reached skill level 5 in Armour
  2811 | D:5      | Reached skill level 5 in Shields
  2811 | D:5      | Reached XP level 8. HP: 27/69 MP: 7/7
  3011 | D:5      | Found a glowing golden altar of the Shining One.
  3111 | D:5      | Found a staircase to the Ecumenical Temple.
  3126 | Temple   | Entered the Ecumenical Temple
  3303 | Temple   | Became a worshipper of Makhleb the Destroyer
  3522 | D:5      | Reached skill level 1 in Invocations
  3535 | D:5      | Reached skill level 1 in Evocations
  3541 | D:5      | Found a hide-covered altar of Uskayaw.
  3996 | D:5      | Reached * piety under Makhleb
  4255 | D:6      | Reached XP level 9. HP: 77/77 MP: 10/10
  4578 | D:6      | Found a glowing silver altar of Zin.
  5314 | D:7      | Noticed Pikel
  5331 | D:7      | Killed Pikel
  5331 | D:7      | Reached skill level 9 in Axes
  5331 | D:7      | Reached skill level 5 in Dodging
  5378 | D:7      | Found a sand-covered staircase.
  5386 | Ossuary  | Entered an ossuary
  5404 | Ossuary  | Reached ** piety under Makhleb
  5518 | Ossuary  | Reached skill level 5 in Invocations
  5635 | D:7      | Found Tobiuhodd's Antique Weapon Shoppe.
  5727 | D:7      | Reached *** piety under Makhleb
  5805 | D:7      | Reached XP level 10. HP: 81/86 MP: 12/12
  5891 | D:7      | Noticed Joseph
  5915 | D:7      | Killed Joseph
  6401 | D:8      | Noticed SeriousVitamin's ghost (novice HOFi)
  6418 | D:8      | Killed SeriousVitamin's ghost
  6450 | D:8      | Reached **** piety under Makhleb
  6622 | D:8      | Reached skill level 10 in Axes
  6650 | D:8      | Noticed a two-headed ogre
  6662 | D:8      | Killed a two-headed ogre
  7709 | D:9      | Reached XP level 11. HP: 74/94 MP: 15/15
  8348 | D:9      | Found a staircase to the Lair.
  8699 | D:9      | Found a staircase to the Orcish Mines.
  8971 | D:10     | Entered Level 10 of the Dungeon
  8971 | D:10     | Found a glowing silver altar of Zin.
  9005 | D:10     | Killed an unseen horror
  9177 | D:10     | Found Katzawic's Assorted Antiques.
  9247 | D:10     | Found Nuaruer's Gadget Emporium.
  9298 | D:10     | Found Yfoif's Assorted Antiques.
  9414 | D:10     | Killed an unseen horror
  9414 | D:10     | Reached skill level 11 in Axes
  9670 | D:10     | Found Dyogeahu's Assorted Antiques.
  9678 | D:10     | Bought a scroll of identify for 52 gold pieces
  9970 | D:11     | Noticed a wizard
  9972 | D:11     | Noticed a wizard
  9985 | D:11     | Cast into level 2 of the Abyss (a wizard)
 10068 | D:11     | Escaped the Abyss
 10206 | D:11     | Identified Ts'ui Pên's Papyrus of Forking Paths
 10213 | D:11     | Identified Horriqul's Volume of Sand
 10220 | D:11     | Identified the Tome of Combed Thunderclap
 10310 | D:11     | Got a translucent scythe
 10570 | D:11     | Reached ***** piety under Makhleb
 10578 | D:11     | Reached skill level 5 in Evocations
 10654 | D:11     | Got a dazzling flail
 10672 | D:11     | Noticed a phantasmal warrior
 10673 | D:11     | Noticed a death knight
 10684 | D:11     | Killed a phantasmal warrior
 10703 | D:11     | Killed a death knight
 11370 | D:11     | Noticed an eight-headed hydra
 11384 | D:11     | Killed an eight-headed hydra
 11532 | Lair:1   | Entered Level 1 of the Lair of Beasts
 11545 | Lair:1   | Noticed Grum
 11558 | Lair:1   | Killed Grum
 11747 | Lair:1   | Noticed a five-headed hydra
 11758 | Lair:1   | Killed a six-headed hydra
 11758 | Lair:1   | Reached XP level 12. HP: 78/104 MP: 17/17
 12188 | Lair:1   | Reached skill level 12 in Axes
 12325 | Lair:1   | Identified the +1 flail of Muregeidump {elec, Dex+4} (You found it on level 11 of the Dungeon)
 12326 | Lair:1   | Identified the +1 scythe of Honour {freeze, +Fly rPois MR- Int+2} (You found it on level 11 of the Dungeon)
 12480 | Lair:2   | Found a staircase to the Shoals.
 13028 | Lair:2   | Noticed a five-headed hydra
 13041 | Lair:2   | Killed a five-headed hydra
 13663 | Lair:3   | Noticed Gastronok
 13716 | Lair:3   | Killed Gastronok
 13788 | Lair:3   | Found a runed door.
 13935 | Lair:3   | Found a staircase to the Snake Pit.
 14075 | Lair:3   | Noticed a five-headed hydra
 14087 | Lair:3   | Killed a five-headed hydra
 14203 | Lair:3   | Noticed Urug
 14214 | Lair:3   | Killed Urug
 14214 | Lair:3   | Reached skill level 10 in Fighting
 14214 | Lair:3   | Reached XP level 13. HP: 70/113 MP: 19/19
 14511 | Lair:3   | Reached skill level 10 in Armour
 14517 | Lair:3   | Reached skill level 10 in Shields
 14810 | Lair:4   | Identified the +7 plate armour of the Crown {rN++ MR+ Str+4 Dex+3} (You found it on level 4 of the Lair of Beasts)
 14872 | Lair:4   | Reached skill level 13 in Axes
 15062 | Lair:4   | Reached skill level 10 in Invocations
 16653 | Lair:5   | Noticed sefi's ghost (adept MiFi)
 16908 | Lair:5   | Killed sefi's ghost
 17772 | Lair:6   | Entered Level 6 of the Lair of Beasts
 17819 | Lair:6   | Found a labyrinth entrance.
 17845 | Lab      | Entered a labyrinth
 18516 | Lab      | Noticed a minotaur
 18524 | Lab      | Killed a minotaur
 18577 | Lab      | Identified the Guide on the Arsonist and Augmentations
 18578 | Lab      | Got an ancient platinum amulet
 18578 | Lab      | Got a fine tin ring
 18579 | Lab      | Got a polished hand crossbow
 18579 | Lab      | Got a heavily runed plate armour
 18584 | Lab      | Identified the cursed +1 plate armour of the Archfiend {Str+3} (You found it in a labyrinth)
 18598 | Lair:6   | Identified the amulet "Leaneduk" {Spirit rPois rN+} (You found it in a labyrinth)
 18599 | Lair:6   | Identified the ring of Laan {+Fly SInv} (You found it in a labyrinth)
 18912 | Lair:6   | Reached skill level 14 in Axes
 19260 | Lair:6   | Noticed a dire elephant
 19278 | Lair:6   | Killed a dire elephant
 19467 | Lair:6   | Reached XP level 14. HP: 124/124 MP: 20/20
 19685 | Lair:6   | Found a staircase to the Slime Pits.
 21527 | D:12     | Reached skill level 10 in Dodging
 21602 | D:12     | Reached skill level 15 in Axes
 21702 | D:12     | Noticed Harold
 21709 | D:12     | Killed Harold
 22811 | D:13     | Found Fogau's Weapon Boutique.
 22907 | D:13     | Found a gate to the Vaults.
 23394 | D:14     | Reached XP level 15. HP: 116/132 MP: 11/21
 23634 | D:15     | Entered Level 15 of the Dungeon
 23711 | D:15     | Noticed Rupert
 24351 | Orc:1    | Entered Level 1 of the Orcish Mines
 24351 | Orc:1    | Noticed an orc warlord
 24372 | D:9      | Killed an orc warlord
 24600 | Orc:1    | Reached skill level 16 in Axes
 24661 | Orc:1    | Found a burning altar of Makhleb.
 24944 | Orc:2    | Entered Level 2 of the Orcish Mines
 24944 | Orc:2    | Noticed an orc warlord
 24944 | Orc:2    | Noticed Jaiteiro's ghost (journeyman MiFi)
 24964 | Orc:2    | Killed an orc warlord
 24974 | Orc:2    | Killed Jaiteiro's ghost
 25076 | Orc:2    | Found Ataenad's Distillery.
 25076 | Orc:2    | Found Yriereturr's Weapon Emporium.
 25347 | Orc:2    | Found Xaichucw's Assorted Antiques.
 25348 | Orc:2    | Found Liqaun's General Store.
 25366 | Orc:2    | Found a staircase to the Elven Halls.
 25840 | Snake:1  | Entered Level 1 of the Snake Pit
 26259 | Snake:1  | Reached ****** piety under Makhleb
 26260 | Snake:1  | Reached skill level 17 in Axes
 26338 | Snake:1  | Found Vis Wux's Distillery.
 26569 | Snake:2  | Got a crude lead amulet
 26571 | Snake:2  | Identified the amulet "Ubineoxae" {Inacc rPois} (You found it on level 2 of the Snake Pit)
 26624 | Snake:2  | Reached XP level 16. HP: 112/143 MP: 15/22
 26730 | Snake:2  | Found Ilyacegg's Assorted Antiques.
 26743 | Snake:2  | Found Hifiqus's Jewellery Shoppe.
 26743 | Snake:2  | Found Ryramm's Jewellery Emporium.
 26752 | Snake:2  | Found Pialeol's Gadget Shoppe.
 27507 | Snake:2  | Noticed Aizul
 27524 | Snake:2  | Killed Aizul
 27887 | Snake:2  | Bought an uncursed ring of protection from cold for 425 gold pieces
 27933 | Snake:3  | Found a frozen archway.
 27956 | IceCv    | Entered an ice cave
 28176 | IceCv    | Noticed an Ice Fiend
 28177 | IceCv    | Noticed an Ice Fiend
 28206 | IceCv    | Killed an Ice Fiend
 28212 | IceCv    | Killed an Ice Fiend
 28930 | Snake:3  | Reached skill level 10 in Evocations
 29084 | Snake:3  | Reached skill level 18 in Axes
 29424 | Snake:3  | Found the +8 trident of the Octopus King {venom, rElec rPois MR+}
 29954 | Snake:4  | Entered Level 4 of the Snake Pit
 29954 | Snake:4  | Noticed tev's ghost (adept MiMo)
 29996 | Snake:4  | Killed tev's ghost
 30606 | Snake:4  | Noticed Vashnia
 30634 | Snake:4  | Killed Vashnia
 30634 | Snake:4  | Reached XP level 17. HP: 152/152 MP: 5/23
 31700 | Snake:4  | Reached skill level 19 in Axes
 31986 | Snake:4  | Got a serpentine rune of Zot
 32386 | Shoals:1 | Entered Level 1 of the Shoals
 32689 | Shoals:1 | Noticed Pad's ghost (journeyman MfGl)
 32706 | Shoals:1 | Killed Pad's ghost
 33355 | Shoals:2 | Reached skill level 15 in Armour
 33710 | Shoals:3 | Noticed poirepourri's ghost (journeyman DDFi)
 33711 | Shoals:3 | Reached skill level 15 in Fighting
 33733 | Shoals:3 | Killed poirepourri's ghost
 33786 | Shoals:3 | Reached XP level 18. HP: 163/163 MP: 25/25
 34163 | Shoals:3 | Reached skill level 20 in Axes
 34398 | Lair:1   | Identified a scroll of acquirement
 34511 | Shoals:4 | Entered Level 4 of the Shoals
 34548 | Shoals:4 | Noticed Ilsuiw
 34565 | Shoals:4 | Noticed Nikola
 34594 | Shoals:4 | HP: 8/163 [poisoned by a merfolk javelineer]
 34601 | Shoals:3 | HP: 8/163 [poisoned by a merfolk javelineer]
 35083 | Shoals:4 | Killed Ilsuiw
 35097 | Shoals:4 | Killed Nikola
 35254 | Shoals:4 | Got a barnacled rune of Zot
 36905 | D:15     | Found a staircase to the Depths.
 37387 | Depths:1 | Entered Level 1 of the Depths
 37400 | Depths:1 | Reached skill level 21 in Axes
 37423 | Depths:1 | Reached XP level 19. HP: 172/172 MP: 11/27
 38104 | Depths:1 | Found a gateway to Hell.
 38270 | Depths:1 | Noticed Mara
 38290 | Depths:1 | Killed Mara
 38640 | D:14     | Killed Rupert
 38704 | Vaults:1 | Entered Level 1 of the Vaults
 39119 | Vaults:1 | Reached skill level 15 in Dodging
 39294 | Vaults:1 | Reached skill level 22 in Axes
 39603 | Vaults:1 | Reached XP level 20. HP: 173/182 MP: 19/28
 39634 | Vaults:1 | Found a portal to a secret trove of treasure.
 40317 | Vaults:1 | You paid a toll of 3 potions of resistance to enter a treasure trove
 40318 | Trove    | Entered a treasure trove
 40322 | Trove    | Identified Codaq's Almanac of Good Luck and Execration
 40365 | Trove    | Identified Sif Muna's Disquisition on the Doomed Rocks
 40483 | Vaults:2 | Found Jeech's Magic Scroll Shoppe.
 40509 | Vaults:2 | Noticed Sojobo
 40542 | Vaults:2 | HP: 8/183 [air elemental[Sojobo] (6)]
 40542 | Vaults:2 | Mangled by Sojobo

Skill      XL: |  1  2  3  4  5  6  7  8  9 10 11 12 13 14 15 16 17 18 19 |
---------------+----------------------------------------------------------+-----
Axes           | 3 4 5 6 7 8 9 10 11 12 14 15 17 18 19 21 22 | 22.2
Dodging        | 1 2 3 4 5 6 7 8 9 10 11 12 13 14 15 | 15.2
Fighting       | 4 5 6 7 8 9 10 11 12 13 14 15 16 | 16.8
Armour         | 4 5 6 7 8 9 11 12 13 14 15 16 | 16.9
Shields        | 4 5 6 7 8 9 11 | 11.5
Invocations    | 3 5 6 8 9 10 | 10.0
Evocations     | 1 3 4 5 6 7 8 9 10 11 12 | 12.9

Action                   |  1- 3 |  4- 6 |  7- 9 | 10-12 | 13-15 | 16-18 | 19-21 || total
-------------------------+-------+-------+-------+-------+-------+-------+-------++-------
Melee: War axe           |    94 |    97 |   314 |   817 |   693 |       |       ||  2015
       Headbutt          |    13 |     8 |    65 |   177 |   346 |   437 |   202 ||  1248
       Battleaxe         |       |       |       |       |   517 |  1579 |   584 ||  2680
       Broad axe         |       |       |       |       |       |       |     5 ||     5
Invok: Lesser Servant of |       |       |       |    30 |    37 |    50 |    15 ||   132
       Minor Destruction |       |       |       |    23 |    25 |       |       ||    48
       Greater Servant o |       |       |       |       |       |       |     2 ||     2
 Abil: Evoke Flight      |       |       |       |       |     6 |       |       ||     6
Evoke: Wand              |       |       |       |     4 |    13 |     1 |       ||    18
       Lamp of fire      |       |       |       |       |       |     1 |       ||     1
  Use: Scroll            |       |       |     8 |     8 |    18 |     6 |     5 ||    45
       Potion            |       |       |       |       |       |     5 |       ||     5
 Stab: Distracted        |       |       |       |     2 |     1 |     9 |     5 ||    17
  Eat: Chunk             |     1 |     5 |    10 |    28 |    25 |    20 |     5 ||    94
       Ration            |       |       |       |       |     6 |     7 |     3 ||    16
Armor: Scale mail        |    34 |     6 |       |       |       |       |       ||    40
       Chain mail        |       |    34 |   114 |   442 |    13 |       |       ||   603
       Plate armour      |       |       |       |       |   749 |  1009 |   403 ||  2161
Dodge: Dodged            |    27 |    30 |   113 |   360 |   722 |  1121 |   434 ||  2807
Block: Shield            |    51 |    49 |       |       |       |       |     4 ||   104
       Reflection        |       |     4 |     6 |    16 |       |       |       ||    26
       Buckler           |       |     7 |   144 |   397 |   291 |       |       ||   839
